[Event "FIDE Womens Grand Swiss 2021"]
[Site "Riga"]
[Date "2021.10.30"]
[Round "4.13"]
[White "Saduakassova, Dinara"]
[Black "Bivol, Alina"]
[Result "1-0"]
[ECO "A06"]
[WhiteElo "2491"]
[BlackElo "2392"]
[Annotator "ChessBase"]
[PlyCount "153"]
[EventDate "2021.10.27"]
[EventType "swiss"]
[EventCountry "LAT"]
[Tiebreak "Cut1 Buchholz+Sonneborn-Berger (Swiss)"]
[SourceTitle "playchess.com"]
[Source "ChessBase"]
[SourceQuality "1"]
[TimeControl "40/6000+30:20/3000+30:900+30"]

1. Nf3 d5 2. g3 Nc6 3. d4 Bf5 4. Bg2 Nb4 5. Na3 e6 6. O-O Nc6 7. c4 Bxa3 8. bxa3 dxc4 9. Nh4 Bg4 10. h3 Bh5 11. d5 exd5 12. Bxd5 Nge7 13. Bxc4 Qxd1 14. Rxd1 f6 15. Nf3 Bxf3 16. exf3 Ne5 17. Bb5+ c6 18. Be2 Nd5 19. f4 Nd7 20. Bf3 N7b6 21. Bb2 Kf7 22. Bd4 Rhd8 23. Rab1 Rd7 24. Rdc1 Ne7 25. Bc5 Na4 26. Be3 Nb6 27. Rb3 Nbd5 28. a4 Nxe3 29. fxe3 Rad8 30. a5 Rc7 31. Rc2 Rdd7 32. Rcb2 g6 33. Kf2 Nc8 34. a6 bxa6 35. Ra3 c5 36. Rc2 Nb6 37. Rac3 c4 38.
Be2 Ke6 39. Bxc4+ Nxc4 40. Rxc4 Rxc4 41. Rxc4 Rd2+ 42. Kf3 Rxa2 43. Rc7 h5 44. Rxa7 f5 45. g4 hxg4+ 46. hxg4 fxg4+ 47. Kxg4 Kf6 48. Rb7 Ra4 49. Rb6+ Kf7 50. Kf3 Ra3 51. Rc6 Kg7 52. Ke4 Ra5 53. Kd4 Ra1 54. e4 Kf7 55. Ke5 Ra5+ 56. Kd6 Ra4 57. Rc7+ Kf8 58. Ke5 a5 59. Ra7 Kg8 60. f5 gxf5 61. Kxf5 Kf8 62. e5 Ke8 63. Kf6 Kd8 64. Ra8+ Kc7 65. e6 Rf4+ 66. Ke5 Rf1 67. e7 Re1+ 68. Kf6 Kb6 69. e8=Q Rxe8 70. Rxe8 Kc5 71. Ke5 a4 72. Ra8 Kb4 73. Kd4 Kb3 74. Kd3 a3 75. Rb8+ Ka2 76. Kc2 Ka1 77. Rb1+ 1-0

[Event "FIDE Womens Grand Swiss 2021"]
[Site "Riga"]
[Date "2021.10.30"]
[Round "4.14"]
[White "Stefanova, Antoaneta"]
[Black "Melia, Salome"]
[Result "1/2-1/2"]
[ECO "A04"]
[WhiteElo "2475"]
[BlackElo "2371"]
[Annotator "ChessBase"]
[PlyCount "60"]
[EventDate "2021.10.27"]
[EventType "swiss"]
[EventCountry "LAT"]
[Tiebreak "Cut1 Buchholz+Sonneborn-Berger (Swiss)"]
[SourceTitle "playchess.com"]
[Source "ChessBase"]
[SourceQuality "1"]
[TimeControl "40/6000+30:20/3000+30:900+30"]

1. Nf3 c5 2. b3 d6 3. e3 e5 4. d4 cxd4 5. exd4 e4 6. Bb5+ Nc6 7. Qe2 d5 8. Ne5 Bd7 9. Nxd7 Qxd7 10. c4 Bb4+ 11. Bd2 Bxd2+ 12. Nxd2 Nge7 13. cxd5 Qxd5 14. Bxc6+ Nxc6 15. Qxe4+ Qxe4+ 16. Nxe4 O-O-O 17. O-O-O Nxd4 18. Rhe1 h6 19. Re3 Kb8 20. Red3 Ne6 21.
Rd7 Rxd7 22. Rxd7 Rc8+ 23. Kd2 Rc7 24. Rd5 Re7 25. g3 Kc7 26.
a4 Rd7 27. Rxd7+ Kxd7 28. Kd3 Kc6 29. Kc4 a6 30. a5 f5 1/2-1/2

[Event "FIDE Womens Grand Swiss 2021"]
[Site "Riga"]
[Date "2021.10.30"]
[Round "4.15"]
[White "Girya, Olga"]
[Black "Danielian, Elina"]
[Result "1-0"]
[ECO "A41"]
[WhiteElo "2410"]
[BlackElo "2450"]
[Annotator "ChessBase"]
[PlyCount "85"]
[EventDate "2021.10.27"]
[EventType "swiss"]
[EventCountry "LAT"]
[Tiebreak "Cut1 Buchholz+Sonneborn-Berger (Swiss)"]
[SourceTitle "playchess.com"]
[Source "ChessBase"]
[SourceQuality "1"]
[TimeControl "40/6000+30:20/3000+30:900+30"]

1. d4 d6 2. Nf3 g6 3. c4 Bg7 4. e4 e5 5. d5 Ne7 6. Nc3 O-O 7. h4 Bg4 8. Qb3 Na6 9. Nh2 Bd7 10. h5 f5 11. Nf3 gxh5 12. Qd1 Nc5 13. Nd2 Be8 14. b4 Nxe4 15. Ndxe4 fxe4 16. Nxe4 Bg6 17. Bd3 c6 18. O-O Nf5 19. Bg5 Qd7 20. Rc1 Nd4 21. f3 a5 22. b5 Nf5 23. Qd2 h4 24. Be3 cxd5 25.
cxd5 h3 26. g3 Rac8 27. Rxc8 Qxc8 28. Kh2 a4 29. Rc1 Qd7 30. Bf1 Nd4 31. Bxd4 exd4 32. Bxh3 Qxb5 33. Be6+ Kh8 34. Nxd6 Qb6 35. Nc4 Qd8 36. f4 Be4 37. Ne5 Bxe5 38. fxe5 d3 39. Rc8 Qe7 40. d6 Qxe6 41. Rxf8+ Kg7 42. Rf6 Qc8 43. d7 1-0

[Event "FIDE Womens Grand Swiss 2021"]
[Site "Riga"]
[Date "2021.10.30"]
[Round "4.16"]
[White "Garifullina, Leya"]
[Black "Arabidze, Meri"]
[Result "1/2-1/2"]
[ECO "B42"]
[WhiteElo "2409"]
[BlackElo "2441"]
[Annotator "NA"]
[PlyCount "103"]
[EventDate "2021.10.27"]
[EventType "swiss"]
[EventCountry "LAT"]
[Tiebreak "Cut1 Buchholz+Sonneborn-Berger (Swiss)"]
[SourceTitle "playchess.com"]
[Source "ChessBase"]
[SourceQuality "1"]
[TimeControl "40/6000+30:20/3000+30:900+30"]

1. e4 c5 2. Nf3 e6 3. d4 cxd4 4. Nxd4 a6 5. Bd3 Nf6 6. Qe2 e5 7. Nb3 Nc6 8. O-O d6 9. c4 Be7 10. Nc3 O-O 11. h3 Be6 12. Nd5 Nd7 13.
Be3 a5 14. Qd2 a4 15. Nc1 h6 16. Ne2 Bg5 17. Nec3 Nc5 18. Rad1 Bxe3 19. Qxe3 Bxd5 20. exd5 Nb4 $14 ({Black should play
} 20... Nd4 $11) 21. Bb1 f5 22. a3 Nba6 23. f4 e4 24.
Rf2 Qd7 25. Kh2 Nc7 26. Rg1 Rae8 27. Bc2 Re7 28. Qd4 Qe8 29. Qd1 Qf7 30. Nxa4 e3 31. Re2 Nxa4 32. Bxa4 g5 33. Bc2 Qf6 34. Rf1 Qxb2 35. Bxf5 Qc3 36. Be6+ Nxe6 37. dxe6 Rxf4 38. Rxf4 gxf4 39. Qxd6 Qf6 40. c5 Kg7 41. c6 Rxe6 42. Qd7+ Re7 43. Qg4+ Qg5 44. cxb7 Rxb7 45. g3 Qxg4 46. hxg4 Rd7 47. Kg2 Rd2 48. Kf3 fxg3 49. Rxe3 g2 50. Re1 Ra2 51. Rg1 Rxa3+ 52. Kxg2 1/2-1/2

[Event "FIDE Womens Grand Swiss 2021"]
[Site "Riga"]
[Date "2021.10.30"]
[Round "4.17"]
[White "Cyfka, Karina"]
[Black "Munguntuul, Batkhuyag"]
[Result "0-1"]
[ECO "D43"]
[WhiteElo "2409"]
[BlackElo "2433"]
[Annotator "NA"]
[PlyCount "76"]
[EventDate "2021.10.27"]
[EventType "swiss"]
[EventCountry "LAT"]
[Tiebreak "Cut1 Buchholz+Sonneborn-Berger (Swiss)"]
[SourceTitle "playchess.com"]
[Source "ChessBase"]
[SourceQuality "1"]
[TimeControl "40/6000+30:20/3000+30:900+30"]

1. d4 d5 2. c4 c6 3. Nf3 Nf6 4. Nc3 e6 5. Qd3 dxc4 6. Qxc4 b5 7. Qd3 b4 8. Na4 Qa5 9. b3 Ba6 10. Qc2 Nbd7 11. e4 Bxf1 12. Kxf1 c5 13.
d5 exd5 14. exd5 Be7 15. Bg5 O-O 16. Rd1 Rfd8 17. d6 Bf8 18.
Nd2 c4 19. h4 cxb3 20. axb3 h6 21. Nc4 Qb5 22. Bf4 Nd5 23. Bg3 N7b6 24. Nab2 Bxd6 25. Bxd6 Rxd6 26. Kg1 Rf6 27. Rh3 Nc3 28. Re1 Nbd5 29. Ne3 Nf4 30. Rg3 Nfe2+ 31. Kh2 Nxg3 32. fxg3 Re8 33. Nbc4 Rfe6 34. Qd2 Qc5 35. Qd7 Nd5 36. Nxd5 Rxe1 37. Nf4 h5 38. g4 Qg1+ 0-1

[Event "FIDE Womens Grand Swiss 2021"]
[Site "Riga"]
[Date "2021.10.30"]
[Round "4.18"]
[White "Socko, Monika"]
[Black "Atalik, Ekaterina"]
[Result "1/2-1/2"]
[ECO "B13"]
[WhiteElo "2397"]
[BlackElo "2420"]
[Annotator "NA"]
[PlyCount "133"]
[EventDate "2021.10.27"]
[EventType "swiss"]
[EventCountry "LAT"]
[Tiebreak "Cut1 Buchholz+Sonneborn-Berger (Swiss)"]
[SourceTitle "playchess.com"]
[Source "ChessBase"]
[SourceQuality "1"]
[TimeControl "40/6000+30:20/3000+30:900+30"]

1. e4 c6 2. d4 d5 3. exd5 cxd5 4. Bd3 Nc6 5. c3 Nf6 6. h3 g6 7. Nf3 Bg7 8. Bf4 O-O 9. O-O Nh5 10. Be3 f5 11. Na3 Kh8 12. Qe2 Be6 13.
Rfe1 Bg8 14. Bg5 Nf6 15. Bxf6 exf6 16. Qd2 Qd7 17. Re2 Rfe8 18. Rae1 Re4 19. Nh2 Rae8 20. f3 Rxe2 21. Rxe2 Rxe2 22. Bxe2 Bf8 23. Nc2 Bd6 24. b3 Bc7 25. Ne1 Kg7 26. Nf1 Qd6 27. Nd3 b6 28. f4 Nd8 29. Bf3 Be6 30. Ne3 Nc6 31. g3 Ne7 32. Qg2 a5 33.
b4 Bf7 34. bxa5 bxa5 35. Qb2 Qb6 36. Qxb6 Bxb6 37. Nc5 Bc7 38. Kf2 g5 39. Nd3 Kf8 40. Bd1 Ke8 41. Ba4+ Kd8 42. Bc2 h6 43. Nc5 gxf4 44. gxf4 Bxf4 45. Nb7+ Kc7 46. Nxa5 Bg5 47. Nb3 Bh4+ 48. Kf1 Be6 49. Nc5 Bc8 50. Nd3 Bg5 51. Ke2 f4 52. Ng4 h5 53. Ngf2 Nf5 54. Nb4 Ng3+ 55. Kf3 Kd6 56. Bg6 h4 57. Bf7 Bb7 58. a4 Ne4 59. a5 Nxc3 60. a6 Ba8 61. Be8 Kc7 62. Nfd3 Kb6 63.
Nxf4 Ka5 64. Bc6 Bxc6 65. Nxc6+ Kxa6 66. Nb4+ Kb5 67. Nbxd5 1/2-1/2

[Event "FIDE Womens Grand Swiss 2021"]
[Site "Riga"]
[Date "2021.10.30"]
[Round "4.20"]
[White "Hoang, Thanh Trang"]
[Black "Maltsevskaya, Aleksandra"]
[Result "1/2-1/2"]
[ECO "A47"]
[WhiteElo "2380"]
[BlackElo "2411"]
[Annotator "NA"]
[PlyCount "73"]
[EventDate "2021.10.27"]
[EventType "swiss"]
[EventCountry "LAT"]
[Tiebreak "Cut1 Buchholz+Sonneborn-Berger (Swiss)"]
[SourceTitle "playchess.com"]
[Source "ChessBase"]
[SourceQuality "1"]
[TimeControl "40/6000+30:20/3000+30:900+30"]

1. d4 Nf6 2. Nf3 b6 3. e3 Bb7 4. Bd3 g6 5. O-O Bg7 6. c4 O-O 7. Re1 d5 8. cxd5 Nxd5 9. e4 Nb4 10. Bc4 c5 11. d5 e6 12. Nc3 exd5 13.
exd5 b5 14. Nxb5 Bxd5 15. Bxd5 Nxd5 16. Bg5 Qd7 17. Ne5 Bxe5 18. Rxe5 Qxb5 19. Rxd5 Nc6 20. Bf6 Rfe8 21. Rc1 Nb4 22. a4 Qc6 23. Rd6 Qe4 24. Qd2 Re6 25. f3 Qe3+ 26. Qxe3 Rxe3 27. h4 Rd3 28. Rxd3 Nxd3 29. Rd1 c4 30. b3 Nc5 31. bxc4 Nxa4 32. Ra1 Nb6 33. c5 Nd7 34. Bd4 Rc8 35. Kf1 Kf8 36. Ke2 Nxc5 37. Bxc5+ 1/2-1/2

[Event "FIDE Womens Grand Swiss 2021"]
[Site "Riga"]
[Date "2021.10.30"]
[Round "4.21"]
[White "Buksa, Nataliya"]
[Black "Rogule, Laura"]
[Result "0-1"]
[ECO "B51"]
[WhiteElo "2409"]
[BlackElo "2289"]
[Annotator "NA"]
[PlyCount "78"]
[EventDate "2021.10.27"]
[EventType "swiss"]
[EventCountry "LAT"]
[Tiebreak "Cut1 Buchholz+Sonneborn-Berger (Swiss)"]
[SourceTitle "playchess.com"]
[Source "ChessBase"]
[SourceQuality "1"]
[TimeControl "40/6000+30:20/3000+30:900+30"]

1. e4 c5 2. Nf3 d6 3. Bb5+ Nd7 4. a4 Ngf6 5. Nc3 e6 6. d4 cxd4 7. Qxd4 Be7 8. O-O O-O 9. Rd1 e5 10. Qe3 Qc7 11. Qe2 h6 12. a5 Nc5 13.
Bc4 Bg4 14. Nd5 Nxd5 15. Bxd5 Ne6 16. Be3 a6 17. c3 Bg5 18. h3 Bh5 19. g4 Bxe3 20. fxe3 Bg6 21. Nh4 Qe7 22. Nxg6 fxg6 23. Qc4 Qh4 24. Bxe6+ Kh7 25. Rd2 Rf3 26. g5 Raf8 27. Kh1 d5 28. Qd3 dxe4 29. Qc4 Rxe3 30. Rg1 Rff3 31. Rh2 Re1 32. Rhg2 Rxg1+ 33. Kxg1 Qe1+ 34. Kh2 Rf1 35. Bg8+ Kh8 36. Qxf1 Qxf1 37. Bd5 hxg5 38. Bxb7 e3 39. Rg1 e2 0-1

[Event "FIDE Womens Grand Swiss 2021"]
[Site "Riga"]
[Date "2021.10.30"]
[Round "4.22"]
[White "Cramling, Pia"]
[Black "Golsta, Madara"]
[Result "1-0"]
[ECO "A05"]
[WhiteElo "2447"]
[BlackElo "2003"]
[Annotator "NA"]
[PlyCount "69"]
[EventDate "2021.10.27"]
[EventType "swiss"]
[EventCountry "LAT"]
[Tiebreak "Cut1 Buchholz+Sonneborn-Berger (Swiss)"]
[SourceTitle "playchess.com"]
[Source "ChessBase"]
[SourceQuality "1"]
[TimeControl "40/6000+30:20/3000+30:900+30"]

1. Nf3 Nf6 2. c4 g6 3. Nc3 d5 4. cxd5 Nxd5 5. Qb3 Nb6 6.
d4 Bg7 7. Bg5 Be6 8. Qc2 Nc6 9. Rd1 Nb4 10. Qb1 O-O 11. e3 Bf5 12. e4 Bg4 13. Be2 f5 14. O-O Bxf3 15. Bxf3 Nc6 16. exf5 Rxf5 17. Be3 Nxd4 18. Bxb7 Rb8 19. Be4 Rh5 20. Bxg6 hxg6 21. Rxd4 Qe8 22. Rg4 Kh7 23. Qc2 Qc6 24. Rd1 Nc4 25. Bc1 Ne5 26. Rg3 Rf8 27. Qe2 Nc4 28. Rg4 Nd6 29. Ne4 Nxe4 30. Rxe4 Rc5 31. Re6 Rc2 32. Qg4 Qe8 33. Qh4+ Kg8 34. Rxe7 Qd8 35. Rxg7+ 1-0

[Event "FIDE Womens Grand Swiss 2021"]
[Site "Riga"]
[Date "2021.10.30"]
[Round "4.23"]
[White "Divya Deshmukh"]
[Black "Milliet, Sophie"]
[Result "1/2-1/2"]
[ECO "C78"]
[WhiteElo "2305"]
[BlackElo "2410"]
[Annotator "NA"]
[PlyCount "213"]
[EventDate "2021.10.27"]
[EventType "swiss"]
[EventCountry "LAT"]
[Tiebreak "Cut1 Buchholz+Sonneborn-Berger (Swiss)"]
[SourceTitle "playchess.com"]
[Source "ChessBase"]
[SourceQuality "1"]
[TimeControl "40/6000+30:20/3000+30:900+30"]

1. e4 e5 2. Nf3 Nc6 3. Bb5 a6 4. Ba4 Nf6 5. O-O $11 b5 6.
Bb3 Bc5 7. d3 d6 8. c3 O-O 9. a4 Rb8 10. h3 h6 11. d4 Bb6 12. Be3 Re8 13.
Nbd2 exd4 14. cxd4 Na5 15. Bc2 Nc4 16. Nxc4 bxc4 17. Nd2 Bb7 18. a5 Ba7 19. Nxc4 Bxe4 20. Bxe4 Rxe4 21. Qd3 Rb5 22. Rfe1 Qa8 23. Na3 Rxa5 24. b4 Rd5 25. Qxa6 Qb8 26. Nc2 Bb6 27. Rec1 Qe8 28. Qb7 Kh7 29. Ra8 Qd7 30. Na3 Qe6 31. Nc4 Bxd4 32. Qxc7 Bxe3 33. Nxe3 Rxe3 34. fxe3 Qxe3+ 35. Kh1 Ne4 36.
Qc8 Rg5 37. Ra2 Nf2+ 38. Rxf2 Qxf2 39. Qc2+ Qxc2 40. Rxc2 Rb5 41. Rc6 Rxb4 42. Rxd6 h5 43. Kg1 h4 44. Kf2 Rf4+ 45. Ke3 g5 46. Ra6 f6 47. Rb6 Kg6 48. Ra6 Rf5 49. Ke2 Kh5 50. Ra8 Kg6 51. Ra6 Rb5 52. Kf2 Kf5 53. Kf3 Ke5 54. Ra8 Rb3+ 55. Kf2 Rd3 56. Ke2 Rc3 57. Kf2 Rc4 58. Kf3 Rc3+ 59. Kf2 Rc5 60. Kf3 f5 61. Re8+ Kf6 62. Rf8+ Ke7 63. Rg8 Rc3+ 64. Kf2 Kf6 65. Ra8 Rc4 66. Ra5 Ke6 67. Rb5 Rd4 68. Ke3 Rd5 69. Rb6+ Ke5 70. Rg6 f4+ 71. Kf3 Rd3+ 72. Kf2 Rg3 73. Rg8 Kf6 74. Ra8 Kg7 75. Ra7+ Kf6 76. Ra8 Rd3 77. Rf8+ Ke6 78. Re8+ Kf7 79. Ra8 Re3 80. Rb8 Ra3 81. Rb7+ Ke6 82. Rb6+ Kf5 83. Rb5+ Kf6 84. Rb6+ Ke7 85. Rb5 Rg3 86. Ra5 Kf6 87. Ra6+ Ke5 88. Ra5+ Kd4 89. Ra4+ Kc5 90. Ra5+ Kb4 91. Re5 Kc3 92. Ra5 Kd4 93. Ra4+ Ke5 94. Ra5+ Ke4 95. Ra4+ Kf5 96. Ra5+ Kg6 97. Ra6+ Kh5 98. Rf6 Ra3 99. Rb6 Rg3 100. Rf6 g4 101. Rf5+ Kg6 102. Rxf4 gxh3 103. Rxh4 Rxg2+ 104.
Kf3 Ra2 105. Rxh3 Ra3+ 106. Kg4 Rxh3 107. Kxh3 1/2-1/2

[Event "FIDE Womens Grand Swiss 2021"]
[Site "Riga"]
[Date "2021.10.30"]
[Round "4.24"]
[White "Eizaguerri Floris, Maria"]
[Black "Houska, Jovanka"]
[Result "0-1"]
[ECO "B12"]
[WhiteElo "2328"]
[BlackElo "2381"]
[Annotator "NA"]
[PlyCount "100"]
[EventDate "2021.10.27"]
[EventType "swiss"]
[EventCountry "LAT"]
[Tiebreak "Cut1 Buchholz+Sonneborn-Berger (Swiss)"]
[SourceTitle "playchess.com"]
[Source "ChessBase"]
[SourceQuality "1"]
[TimeControl "40/6000+30:20/3000+30:900+30"]

1. e4 c6 2. d4 d5 3. e5 Bf5 4. Nf3 e6 5. Be2 c5 6. O-O Nc6 7. c3 Bg4 8.
Nbd2 Nh6 9. a3 Nf5 10. dxc5 Bxc5 11. b4 Be7 12. Bb2 O-O 13. c4 dxc4 14. Nxc4 Rc8 15. Rc1 Rc7 16. Qxd8 Rxd8 17. Na5 Rdc8 18. Nb3 Nh4 19. b5 Nb8 20. Nfd4 Bxe2 21. Nxe2 Nd7 22. Rxc7 Rxc7 23. Rc1 Rxc1+ 24. Nexc1 Ng6 25. Nd3 Nb6 26. Na5 Na4 27. Bd4 b6 28. Nc6 Bxa3 29. Nxa7 Ne7 30. f4 Kf8 31. Ne1 Ke8 32. Nc2 Bc5 33. Bxc5 bxc5 34. b6 Nxb6 35. Nb5 Ned5 36. g3 Kd7 37. Kf2 Nc4 38. Ke2 Kc6 39. Nba3 Nxa3 40. Nxa3 Nb6 41. Kd3 Kd5 42. Nb5 c4+ 43. Ke3 Kc5 44. Nd6 Nd5+ 45. Kd2 f6 46. Kc2 fxe5 47. fxe5 Kd4 48. Ne8 Nb4+ 49. Kc1 c3 50. Nxg7 Kd3 0-1

[Event "FIDE Womens Grand Swiss 2021"]
[Site "Riga"]
[Date "2021.10.30"]
[Round "4.25"]
[White "Cori T., Deysi"]
[Black "February, Jesse Nikki"]
[Result "1-0"]
[ECO "D15"]
[WhiteElo "2382"]
[BlackElo "1857"]
[Annotator "NA"]
[PlyCount "107"]
[EventDate "2021.10.27"]
[EventType "swiss"]
[EventCountry "LAT"]
[Tiebreak "Cut1 Buchholz+Sonneborn-Berger (Swiss)"]
[SourceTitle "playchess.com"]
[Source "ChessBase"]
[SourceQuality "1"]
[TimeControl "40/6000+30:20/3000+30:900+30"]

1. d4 d5 2. c4 c6 3. Nc3 Nf6 4. Nf3 Bf5 5. Qb3 Qb6 6. c5 Qxb3 7. axb3 Na6 8. h3 Nb4 9. Ra4 a5 10. Bf4 Ne4 11. e3 Nxc3 12. bxc3 Nd3+ 13. Bxd3 Bxd3 14. Kd2 Bb5 15. Ra3 a4 16. bxa4 Ba6 17. Rb1 f6 18.
Rab3 g5 19. Bg3 Kf7 20. Kc2 Bg7 21. Nd2 Rhe8 22. Rb6 e5 23.
R1b4 f5 24. Bxe5 Bxe5 25. dxe5 Ke6 26. Nf3 Rg8 27. g3 g4 28. Nd4+ Kxe5 29. h4 Rg7 30. Kd2 h5 31. Nc2 Rf7 32. Nd4 Rg7 33.
Rb1 Rf7 34. a5 Rg7 35. R6b4 Rd7 36. Kc2 Rf7 37. Ra1 Rg7 38. Nb3 Rf7 39. Rf4 Bc4 40. Nd2 Ba6 41. Kb3 Re7 42. Kb4 Kf6 43. Rd4 Re6 44. Rb1 Re7 45. Rd1 Be2 46. Rc1 Re6 47. c4 dxc4 48. Nxc4 Bxc4 49. Rcxc4 Rae8 50. Rd7 R8e7 51. Rcd4 Re4 52. Rxe7 Kxe7 53.
Rxe4+ fxe4 54. a6 1-0

[Event "FIDE Womens Grand Swiss 2021"]
[Site "Riga"]
[Date "2021.10.31"]
[Round "5.5"]
[White "Javakhishvili, Lela"]
[Black "Paehtz, Elisabeth"]
[Result "0-1"]
[ECO "E92"]
[WhiteElo "2446"]
[BlackElo "2475"]
[Annotator "ChessBase"]
[PlyCount "149"]
[EventDate "2021.10.27"]
[EventType "swiss"]
[EventCountry "LAT"]
[Tiebreak "Cut1 Buchholz+Sonneborn-Berger (Swiss)"]
[SourceTitle "playchess.com"]
[Source "ChessBase"]
[SourceQuality "1"]
[TimeControl "40/6000+30:20/3000+30:900+30"]

1. d4 Nf6 2. c4 g6 3. Nc3 Bg7 4. e4 d6 5. Nf3 O-O 6. Be2 e5 7. Be3 Qe8 8.
dxe5 Ng4 9. Bg5 Nxe5 10. Nd5 Nxf3+ 11. gxf3 f6 12. Bd2 Rf7 13. Bc3 f5 14. Bxg7 Kxg7 15. Qc2 c6 16. Nc3 Qe5 17. h4 fxe4 18. Qxe4 Bf5 19. Qxe5+ dxe5 20. O-O-O Na6 21. Rhe1 Raf8 22. Bf1 Re7 23. Re3 Rfe8 24. Bd3 Bxd3 25. Rdxd3 Nc5 26. Rd1 a5 27. Ne4 Nxe4 28. Rxe4 Rf8 29. Rd3 Ref7 30. Rb3 a4 31. Rb4 Rd7 32. Re3 Rf4 33. Rxa4 Rxh4 34. Rxe5 Rf4 35. Re3 h5 36. b3 h4 37. Ra8 h3 38. Ree8 Rxf3 39. Rh8 Kf6 40. Raf8+ Rf7 41. Kd1 Rd3+ 42. Ke2 Rxf8 43. Rxf8+ Kg7 44. Rf4 g5 45. Rf3 h2 46. Rxd3 h1=Q 47. Rd7+ Kf6 48. Rxb7 Qe4+ 49. Kf1 Qb1+ 50. Kg2 Qxa2 51. Rc7 Qa8 52. Rd7 Qe8 53. Rd3 Qe4+ 54. Rf3+ Ke5 55. Kg3 Qh4+ 56. Kg2 Kd4 57. Re3 Qf4 58. Rg3 Kc5 59. Re3 Kb4 60. Rg3 c5 61. Rh3 Qe4+ 62. Kh2 Qc2 63.
Kg2 Qxb3 64. Rxb3+ Kxb3 65. Kg3 Kxc4 66. Kg4 Kd4 67. Kxg5 c4 68. f4 c3 69. f5 c2 70. f6 c1=Q+ 71. Kg6 Qg1+ 72. Kh7 Qh2+ 73. Kg8 Qg3+ 74. Kf8 Ke5 75. f7 0-1

[Event "FIDE Womens Grand Swiss 2021"]
[Site "Riga"]
[Date "2021.10.31"]
[Round "5.8"]
[White "Gunina, Valentina"]
[Black "Girya, Olga"]
[Result "1/2-1/2"]
[ECO "D53"]
[WhiteElo "2462"]
[BlackElo "2410"]
[Annotator "ChessBase"]
[PlyCount "57"]
[EventDate "2021.10.27"]
[EventType "swiss"]
[EventCountry "LAT"]
[Tiebreak "Cut1 Buchholz+Sonneborn-Berger (Swiss)"]
[SourceTitle "playchess.com"]
[Source "ChessBase"]
[SourceQuality "1"]
[TimeControl "40/6000+30:20/3000+30:900+30"]

1. d4 Nf6 2. c4 e6 3. Nf3 d5 4. Nc3 Be7 5. Bg5 h6 6. Bh4 dxc4 7. e3 c5 8.
Bxc4 cxd4 9. Nxd4 Bd7 10. O-O Nc6 11. Rc1 O-O 12. Bg3 Nxd4 13.
Qxd4 Bc6 14. Ne2 Ne4 15. Be5 Bc5 16. Qxd8 Rfxd8 17. Nd4 Bxd4 18. Bxd4 Nd2 19. Rfe1 Nxc4 20. Rxc4 Bd5 21. Ra4 a6 22. Bc3 f6 23. f3 e5 24. Kf2 Bc6 25. Rc4 Bd5 26. Ra4 Bc6 27. Rc4 Bd5 28.
Ra4 Bc6 29. Rc4 1/2-1/2

[Event "FIDE Womens Grand Swiss 2021"]
[Site "Riga"]
[Date "2021.10.31"]
[Round "5.9"]
[White "Badelka, Olga"]
[Black "Sargsyan, Anna M."]
[Result "1-0"]
[ECO "C76"]
[WhiteElo "2438"]
[BlackElo "2402"]
[Annotator "NA"]
[PlyCount "57"]
[EventDate "2021.10.27"]
[EventType "swiss"]
[EventCountry "LAT"]
[Tiebreak "Cut1 Buchholz+Sonneborn-Berger (Swiss)"]
[SourceTitle "playchess.com"]
[Source "ChessBase"]
[SourceQuality "1"]
[TimeControl "40/6000+30:20/3000+30:900+30"]

1. e4 e5 2. Nf3 Nc6 3. Bb5 a6 4. Ba4 d6 5. O-O Bd7 6. c3 g6 7. d4 Bg7 8. Re1 Nge7 9. Be3 O-O 10. Nbd2 h6 11. Bc2 exd4 12. cxd4 g5 13.
d5 Ne5 14. Nxe5 dxe5 15. Rc1 Ng6 16. Nb3 b6 17. Bd3 Ra7 18.
Na5 Ne7 19. Qe2 Ra8 20. Nc6 Bxc6 21. dxc6 Qc8 22. Bc4 Kh8 23. Red1 f5 24. Rd7 Nxc6 25. Be6 Nd8 26. exf5 Nxe6 27. fxe6 c5 28. Bxg5 Qe8 29. Bxh6 1-0

[Event "FIDE Womens Grand Swiss 2021"]
[Site "Riga"]
[Date "2021.10.31"]
[Round "5.13"]
[White "Munguntuul, Batkhuyag"]
[Black "Padmini, Rout"]
[Result "1-0"]
[ECO "B38"]
[WhiteElo "2433"]
[BlackElo "2380"]
[Annotator "NA"]
[PlyCount "97"]
[EventDate "2021.10.27"]
[EventType "swiss"]
[EventCountry "LAT"]
[Tiebreak "Cut1 Buchholz+Sonneborn-Berger (Swiss)"]
[SourceTitle "playchess.com"]
[Source "ChessBase"]
[SourceQuality "1"]
[TimeControl "40/6000+30:20/3000+30:900+30"]

1. e4 c5 2. Nf3 Nc6 3. d4 cxd4 4. Nxd4 g6 5. c4 Bg7 6. Be3 Nf6 7. Nc3 d6 8. Be2 O-O 9. O-O Bd7 10. Rc1 Nxd4 11. Bxd4 Bc6 12. f3 a5 13. b3 Nd7 14. Be3 Nc5 15. a3 Be5 16. b4 axb4 17. axb4 Na4 18. Nxa4 Bxa4 19. Qd3 Bd7 20. Rfd1 Ra4 21. Rb1 Qa8 22. Bd4 Ra3 23. Qd2 Ra2 24. Rb2 Rxb2 25. Qxb2 Bxd4+ 26. Qxd4 Qa2 27. Bf1 Be6 28. c5 dxc5 29. Qxc5 Qb3 30. Re1 Rc8 31. Qxe7 Qc3 32. Rd1 Qe3+ 33. Kh1 Kg7 34. Qd6 Bb3 35. Qe5+ Kh6 36. Ra1 Bc4 37. h3 b5 38. Kh2 Bxf1 39. Rxf1 Qd3 40. Ra1 Rc2 41. Qf4+ Kg7 42. e5 Qd2 43. Qf6+ Kh6 44. Rg1 Qxb4 45. Qxf7 Re2 46. Qf6 Rd2 47. f4 Rd7 48. e6 Rd5 49. e7 1-0

[Event "FIDE Womens Grand Swiss 2021"]
[Site "Riga"]
[Date "2021.10.31"]
[Round "5.14"]
[White "Osmak, Iulija"]
[Black "Lujan, Carolina"]
[Result "1-0"]
[ECO "A16"]
[WhiteElo "2423"]
[BlackElo "2340"]
[Annotator "NA"]
[PlyCount "127"]
[EventDate "2021.10.27"]
[EventType "swiss"]
[EventCountry "LAT"]
[Tiebreak "Cut1 Buchholz+Sonneborn-Berger (Swiss)"]
[SourceTitle "playchess.com"]
[Source "ChessBase"]
[SourceQuality "1"]
[TimeControl "40/6000+30:20/3000+30:900+30"]

1. c4 Nf6 2. Nc3 d5 3. cxd5 Nxd5 4. Nf3 g6 5. h4 Bg7 6. e4 Nxc3 7. dxc3 Qxd1+ 8. Kxd1 Bg4 9. Kc2 Nd7 10. Nd4 a6 11. f3 e5 12. Nb3 Be6 13. Na5 Rb8 14. h5 f5 15. Be3 f4 16. Ba7 Ra8 17. Bf2 Rb8 18.
Bc4 Bxc4 19. Nxc4 O-O 20. Rad1 Rf7 21. hxg6 hxg6 22. Rd5 Re8 23. Rhd1 Nb8 24. Bc5 Nc6 25. R5d3 b6 26. Bf2 Bf6 27. b4 g5 28. a4 Re6 29. b5 axb5 30. axb5 Ne7 31. Rd8+ Kg7 32. Ra1 Ng6 33. Rc8 Rd7 34. Ra7 Ree7 35. Nb2 Kf7 36. Nd3 Ke6 37. Nb4 Rh7 38. Nd5 Rh2 39. Rcxc7 Rxc7 40. Nxc7+ Kd6 41. Bxb6 g4 42. Kb3 Rxg2 43. fxg4 f3 44. Ne8+ Ke6 45. Nxf6 Kxf6 46. Bd8+ Ke6 47. Ra6+ Kd7 48. Rxg6 Kxd8 49. Rf6 Rxg4 50. Rxf3 Rxe4 51. c4 Kd7 52. Kb4 Kd6 53. Rd3+ Ke6 54. b6 Rh4 55. b7 Rh8 56. c5 e4 57. Rd1 e3 58.
Kb5 e2 59. Re1 Kd7 60. Rxe2 Kc7 61. Re7+ Kb8 62. Kb6 Rh6+ 63. c6 Re6 64. Re8+ 1-0

[Event "FIDE Womens Grand Swiss 2021"]
[Site "Riga"]
[Date "2021.10.31"]
[Round "5.15"]
[White "Melia, Salome"]
[Black "Vaishali R"]
[Result "1/2-1/2"]
[ECO "B30"]
[WhiteElo "2371"]
[BlackElo "2419"]
[Annotator "NA"]
[PlyCount "50"]
[EventDate "2021.10.27"]
[EventType "swiss"]
[EventCountry "LAT"]
[Tiebreak "Cut1 Buchholz+Sonneborn-Berger (Swiss)"]
[SourceTitle "playchess.com"]
[Source "ChessBase"]
[SourceQuality "1"]
[TimeControl "40/6000+30:20/3000+30:900+30"]

1. e4 c5 2. Nf3 Nc6 3. Bb5 e6 4. O-O Nge7 5. Re1 Nd4 6. Bf1 Nxf3+ 7. Qxf3 Nc6 8. b3 Be7 9. Bb2 e5 10. Nc3 O-O 11. Nd5 d6 12. Ne3 Bg5 13. Bc4 Be6 14. Qd1 Qf6 15. Bd5 Qg6 16. c3 Bxd5 17. Nxd5 f5 18.
d3 Bh4 19. Re2 fxe4 20. dxe4 Rf3 21. Ne3 Ne7 22. Nd5 Nc6 23. Ne3 Ne7 24. Nd5 Nc6 25. Ne3 Ne7 1/2-1/2